 Dungeon Crawl Stone Soup version 0.30.0-18-gc0e69614cb (webtiles) character file.

Game seed: 11506837731945218517

162 Strat the Sneak (level 5, 0/32 HPs)
             Began as a Kobold Brigand on May 25, 2023.
             Killed from afar by an orc wizard (9 damage)
             ... with a puff of flame
             ... on level 2 of the Dungeon.
             The game lasted 00:03:23 (2335 turns).

Strat the Sneak (Kobold Brigand)                    Turns: 2335, Time: 00:03:23

Health: 0/32       AC:  6    Str:  7    XL:     5   Next: 71%
Magic:  4/5        EV: 15    Int: 17    God:
Gold:   106        SH:  0    Dex: 17    Spells: 4/4 levels left

rFire   . . .        a - +2 dagger
rCold   . . .        (no shield)
rNeg    . . .        b - +0 robe
rPois   .            (no helmet)
rElec   .            c - +0 cloak
rCorr   .            (no gloves)
SInv    .            i - +2 pair of boots
Will    .....        (no amulet)
Stlth   +++++        (no ring)
HPRegen 0.25/turn    (no ring)
MPRegen 0.09/turn

%: no passive effects
@: no status effects
A: small, no large weapons, nightstalker 3, clever 1
a: no special abilities


You were on level 2 of the Dungeon.
You visited 1 branch of the dungeon, and saw 3 of its levels.

You collected 106 gold pieces.

Inventory:

Hand Weapons
 a - a +2 dagger (weapon)
Missiles
 d - 9 poisoned darts (quivered)
 e - 3 curare-tipped darts
Armour
 b - a +0 robe (worn)
 c - a +0 cloak (worn)
 i - a +2 pair of boots (worn)
Scrolls
 j - a scroll of vulnerability {unknown}
 l - a scroll of blinking {unknown}
 m - a scroll of identify {unknown}
Potions
 f - 2 potions of mutation
 h - a potion of haste {unknown}
 k - 2 potions of invisibility {unknown}


   Skills:
 + Level 3.1 Fighting
 * Level 4.7 Short Blades
 - Level 2.1 Throwing
 + Level 2.6 Dodging
 * Level 6.8 Stealth


You had 4 spell levels left.
You didn't know any spells.
Your spell library contained the following spells:

 Spells                   Type           Power      Damage    Failure   Level
 Cigotuvi's Dreadful Rot  Necr/Pois/Air  0%         N/A       34%         2
 Ignite Poison            Fire/Tmut/Pois 0%         N/A       56%         3
 Freezing Cloud           Conj/Ice/Air   0%         6-21      100%        5


Dungeon Overview and Level Annotations

Branches:
Dungeon (3/15)

Altars:

Shops:
D:1 :


Innate Abilities, Weirdness & Mutations

You are small and have problems with some larger weapons.
You are completely attuned to the shadows.
Your mind is acute. (Int +4, Str/Dex -1)


Message History

Something hits you but does no damage.
You bump into the rock wall.
Something hits you but does no damage.
You bump into the rock wall.
Something hits you.
* * * LOW HITPOINT WARNING * * *
You barely miss something. Something hits you.
* * * LOW HITPOINT WARNING * * *
You're too confused to move!
Something hits you but does no damage.
You bump into the rock wall.
You feel less confused. Something hits you but does no damage.
You hit something but do no damage. You closely miss something.
You hear some strange, mumbled words.
A magic dart appears from out of thin air!
The magic dart hits you!
* * * LOW HITPOINT WARNING * * *
You feel better. Something hits you.
* * * LOW HITPOINT WARNING * * *
You closely miss something. Something barely misses you.
You hit something. Something hits you.
* * * LOW HITPOINT WARNING * * *
You miss something. You hit something. Something hits you but does no damage.
It was a potion of mutation.
You feel extremely strange.
You feel less energetic.
You feel clever.
You feel more energetic. Something hits you but does no damage.
You closely miss something. Something hits you but does no damage.
You closely miss something. Something hits you.
* * * LOW HITPOINT WARNING * * *
You hit something but do no damage. Something hits you but does no damage.
You barely miss something. You hit something but do no damage.
An orc wizard appears from thin air!
Reactivating autopickup.
The orc wizard hits you with a +0 dagger.
* * * LOW HITPOINT WARNING * * *
You hit the orc wizard.
The orc wizard is almost dead.
The orc wizard gestures at you while chanting.
The puff of flame hits you!
You die...

##### #...# #...# #
##############...###########
#.......>..........#........
#.######.#####...#....######
#.# #.)o@.'...'....<.รท...
#.# #######...###.#...###
#.# #...###.###.# #.#
#...........## ######.#
#............## #......#
#..........#..# ####.#######
#..........##.# #.#.....#
#....).....##.. #.#.###.#
#..........####


You could see an orc wizard.

Vanquished Creatures
  A hound (D:3)
  An orc priest (D:3)
  3 adders
  4 gnolls (D:2)
  2 worms (D:2)
  3 orcs (D:2)
  An endoplasm (D:2)
  2 giant cockroaches
  2 goblins
  3 hobgoblins
  2 quokkas
  2 ball pythons
  3 bats
  2 frilled lizards (D:2)
  4 kobolds
  A rat (D:1)
36 creatures vanquished.

Notes
Turn   | Place    | Note
-------+----------+-------------------------------------------
     0 | D:1      | Strat the Kobold Brigand began the quest for the Orb.
     0 | D:1      | Reached XP level 1. HP: 12/12 MP: 1/1
   368 | D:1      | Found Hitiulan's Book Shoppe.
   429 | D:1      | Reached XP level 2. HP: 16/17 MP: 2/2
  1153 | D:2      | Reached XP level 3. HP: 22/22 MP: 3/3
  1411 | D:2      | Reached skill level 6 in Stealth
  1436 | D:2      | Reached XP level 4. HP: 26/27 MP: 4/4
  2133 | D:3      | Reached XP level 5. HP: 31/32 MP: 5/5
  2329 | D:2      | Gained mutation: Your magical capacity is low. (-10% MP)
                  | [potion of mutation]
  2329 | D:2      | Gained mutation: Your mind is acute. (Int +4, Str/Dex -1)
                  | [potion of mutation]
  2329 | D:2      | Lost mutation: Your magical capacity is low. (-10% MP)
                  | [potion of mutation]
  2335 | D:2      | Killed from afar by an orc wizard

Illustrated notes

Levels and vault maps discovered:
D:1:      minmay_arrival_stair_chambers, layout_loops_ring, serial_shops,
          nicolae_book_shop_shelving, kennysheep_small_spiral
D:2:      layout_basic
D:3:      layout_basic, mainiacjoe_overflow_catwalk,
          chequers_ecumenical_altar_simple, serial_shops, nicolae_shop_trees

Skill      XL: |  1  2  3  4  5 |
---------------+----------------+-----
Short Blades   | 3 4 |  4.7
Stealth        | 6 |  6.8
Dodging        | 2 |  2.6
Fighting       | 3 |  3.1
Throwing       | |  2.1

Action                     |  1- 3 |  4- 6 || total
---------------------------+-------+-------++-------
  Melee: Dagger            |    64 |    99 ||   163
         Punch             |     1 |       ||     1
    Use: Potion            |       |     2 ||     2
   Stab: Sleeping          |    12 |     4 ||    16
         Distracted        |       |     1 ||     1
 Armour: Robe              |     7 |    26 ||    33
  Dodge: Dodged            |    40 |    55 ||    95
